AoeStats
← Doodh_wala

Arena

507099522Analyzed
3v3 RM · 16d ago on Sep 16, 2026· 54m 11s· 6 players
Game mode
Random Map
Map size
Normal (6 player)
Population
200
Speed
Normal
Resources
Standard
Victory
Conquest
Starting age
Dark Age
Ending age
Imperial Age
RankedLock teamsTeams togetherTeam positionsShared explorationLock speedFull tech treeHidden civsTurbo modeCheats
Victory
Defeat
🇩🇪 Armenians · Germany
1355
+14
🇩🇪 Cumans · Germany
1343
+15
🇵🇰 Spanish · Pakistan
1323
+15
🇺🇸 Italians · United States
1350
-17
🇵🇪 Vikings · Peru
1306
-14
🇨🇳 Ethiopians · China
1281
-13
Dawood
11:06 Feudal Age
14:46 Castle Age
12:38 Double-Bit Axe
12:36 Horse Collar
15:58 Loom
16:58 Bow Saw
19:53 Fletching
21:24 Bodkin Arrow
26:37 Heavy Plow
WALLS
8:08 Loom
10:44 Feudal Age
14:29 Castle Age
12:56 Double-Bit Axe
15:34 Bow Saw
25:41 Horse Collar
29:13 Gold Mining
29:14 Stone Mining
31:46 Pikeman
32:26 Squires
32:20 Arson
32:21 Gambesons
33:18 Scale Mail Armor
34:14 Chain Mail Armor
35:15 Forging
37:58 Imperial Age
37:07 Iron Casting
36:35 Fletching
36:41 Fletching
37:56 Bodkin Arrow
木
10:05 Feudal Age
10:52 Double-Bit Axe
13:44 Castle Age
11:43 Horse Collar
18:09 Bow Saw
18:47 Town Watch
23:50 Wheelbarrow
23:18 Loom
28:20 Imperial Age
26:03 Heavy Plow
27:16 Hand Cart
27:47 Stone Mining
27:48 Gold Mining
30:07 Chemistry
30:27 Scale Mail Armor
30:54 Forging
31:42 Halberdier
35:35 Chain Mail Armor
36:51 Plate Mail Armor
36:54 Squires
37:48 Padded Archer Armor
38:40 Iron Casting
38:57 Ballistics
38:15 Crossbowman
39:01 Thumb Ring
38:57 Fletching
39:53 Leather Archer Armor
39:27 Arbalester
40:10 Bodkin Arrow
41:23 Bracer
42:31 Ring Archer Armor
42:10 Siege Engineers
44:12 Blast Furnace
47:21 Two-Man Saw
47:56 Gold Shaft Mining
47:57 Conscription
shehrum2014
10:36 Feudal Age
15:04 Castle Age
13:37 Double-Bit Axe
14:30 Loom
18:49 Horse Collar
24:09 Horse Collar
30:13 Imperial Age
28:40 Bow Saw
30:43 Wheelbarrow
36:31 Hand Cart
36:41 Padded Archer Armor
39:32 Leather Archer Armor
41:17 Elite Conquistador
46:06 Ring Archer Armor
shuraim930
8:57 Feudal Age
15:28 Double-Bit Axe
16:35 Horse Collar
24:04 Castle Age
23:09 Scale Barding Armor
23:14 Forging
23:06 Gold Mining
23:35 Bloodlines
25:20 Bow Saw
25:53 Gold Shaft Mining
26:58 Iron Casting
26:43 Chain Barding Armor
45:13 Imperial Age
44:07 Light Cavalry
46:11 Wheelbarrow
45:15 Cavalier
46:54 Plate Barding Armor
46:57 Paladin
51:23 Blast Furnace
Doodh_wala
9:28 Feudal Age
11:59 Arson
12:11 Man-at-Arms
13:01 Long Swordsman
18:15 Double-Bit Axe
18:15 Horse Collar
20:41 Castle Age
23:49 Wheelbarrow
26:56 Bow Saw
27:32 Two-Handed Swordsman
36:22 Champion
43:39 Scale Mail Armor
43:50 Forging
44:46 Chain Mail Armor
49:57 Elite Skirmisher
50:32 Fletching
51:12 Padded Archer Armor
53:24 Bodkin Arrow
Connection lost

Rejoining the realm…

Still unreachable

The connection could not be restored.

Session expired

The server has moved on; the page needs a fresh start.